 Dungeon Crawl Stone Soup version 0.21.1-1-g345015f (webtiles) character file.

24220 Fang the Cleaver (level 13, -6/124 HPs)
             Began as a Gargoyle Berserker on May 9, 2018.
             Was a High Priest of Trog.
             Engulfed by a fire crab's flame (15 damage)
             ... on level 1 of the Lair of Beasts.
             The game lasted 00:20:39 (11556 turns).

Fang the Cleaver (Gargoyle Berserker)              Turns: 11556, Time: 00:20:40

Health: -6/124     AC: 19    Str: 31    XL:     13   Next: 11%
Magic:  0/13       EV: 15    Int:  8    God:    Trog [*****.]
Gold:   188        SH:  0    Dex: 11    Spells: 12/12 levels left

rFire    . . .     SeeInvis .   l - +4 battleaxe of the Eggplant {holy, Dex+2}
rCold    . . .     Gourm    .   (shield currently unavailable)
rNeg     + . .     Faith    .   b - +2 animal skin
rPois    ∞         Spirit   +   u - +2 helmet
rElec    +         Reflect  .   (no cloak)
rCorr    .         Harm     .   (no gloves)
MR       .....                  (no boots)
Stlth    ..........             p - amulet of guardian spirit
HPRegen  0.30/turn              h - +2 ring of protection
MPRegen  0.13/turn              y - ring of stealth

@: berserking, very quick
A: negative energy resistance 1, electricity resistance, unbreathing,
petrification resistance, rot immunity, AC +9
a: Berserk, Trog's Hand, Brothers in Arms, Burn Spellbooks, Renounce Religion


You were on level 1 of the Lair of Beasts.
You worshipped Trog.
Trog was extremely pleased with you.
You were very hungry.

You visited 3 branches of the dungeon, and saw 13 of its levels.

You collected 692 gold pieces.
You spent 504 gold pieces at shops.

Inventory:

Hand Weapons
 l - the +4 battleaxe of the Eggplant (weapon) {holy, Dex+2}
   (You bought it in a shop on level 4 of the Dungeon)

   It has been blessed by the Shining One to cause great damage to the undead
   and demons.
   It affects your dexterity (+2).
Armour
 b - a +2 animal skin (worn)
 u - a +2 helmet (worn)
Jewellery
 h - a +2 ring of protection (left hand)
 p - an amulet of guardian spirit (around neck)
 w - an uncursed amulet of harm
 y - a ring of stealth (right hand)
Wands
 q - a wand of digging (11)
 s - a wand of polymorph (25)
 x - a wand of acid (3)
 A - a wand of random effects (46)
 C - a wand of disintegration (17)
 D - a wand of flame (11)
 E - a wand of enslavement (27)
Scrolls
 a - 2 scrolls of enchant armour
 f - 3 scrolls of immolation
 g - 4 scrolls of remove curse
 i - 6 scrolls of identify
 k - 5 scrolls of teleportation
 o - a scroll of magic mapping
 B - 3 scrolls of blinking
 F - a scroll of fear
 H - a scroll of summoning
Potions
 d - 4 potions of might
 e - a potion of flight
 j - a potion of lignification
 m - 2 potions of magic
 n - a potion of invisibility
 r - 6 potions of curing
 t - 2 potions of agility
 v - 3 potions of haste
 z - 2 potions of ambrosia
 G - 3 potions of resistance
Comestibles
 c - 20 rations


   Skills:
 + Level 10.5 Fighting
 + Level 13.3(13.4) Axes
   Level 2.5(9.2) Polearms
 + Level 4.8 Armour
 + Level 7.6 Dodging
 + Level 9.3 Stealth
 + Level 0.4 Unarmed Combat


You had 12 spell levels left.
You didn't know any spells.

Dungeon Overview and Level Annotations

Branches:
Dungeon (11/15)            Temple (1/1) D:4            Lair (1/6) D:9
    Orc (0/2) D:9

Altars:
Ashenzari
Elyvilon
Fedhas
Hepliaklqana
Qazlal
Ru
Sif Muna
Uskayaw
Wu Jian
Xom
Yredelemnul
Zin

Shops:
D:4 (

Annotations:
Lair:1 1 transporter


Innate Abilities, Weirdness & Mutations

You are resistant to torment.
Your stone body is resilient. (AC +9)
You are immune to poison.
You resist negative energy. (rN+)
You are resistant to electric shocks. (rElec)
You can survive without breathing.
You are immune to petrification.
You are immune to rotting.


Message History

* * * LOW HITPOINT WARNING * * *
The fire crab misses you. The fire crab closely misses you.
The fire elemental barely misses you. The fire crab breathes flames at you.
The blast of flame engulfs the fire elemental.
The fire elemental completely resists.
The fire elemental hits you. The fire elemental burns you!
* * * LOW HITPOINT WARNING * * *
The fire elemental closely misses you.
You see here a fire crab corpse.
You are too berserk!
You carve the fire elemental like a ham!!!
You feel the power of Trog in you as your rage grows.
You destroy the fire elemental!
Trog accepts your kill.
You slash the fire crab!
You kill the fire crab!
Trog accepts your kill.
You barely miss the fire elemental.
You are engulfed in blazing flames.
You die...

.....####..# ...###
##..####
...#####...##.##
...##..........#
...##..P#.##...# #####
........P.######## §§§§#
..........#§§§§§.#.§§§§#
..........#§.§§§§#§§§§.#
..........#§§#§#@§§§§[)#
...##....©#§§§§§§Et§§[©#
...##.....#§.#§#§†§.§)/#
..^##...#P#§§§§§§#§§§§§#
...#....###§§§.§§#§§§§§#
.......## ########§§§§§#
...##..## #...# #####
.÷.##...# #...#
...#...## #.###


You could see a fire crab and a fire elemental.

Vanquished Creatures
  The ghost of MemeProof the Fighter, a journeyman MiFi of Okawaru (D:10)
  The ghost of AlyssaTheNerd the Cleaver, a journeyman DsGl of Yredelemnul (D:11)
  3 two-headed ogres
  2 fire crabs (Lair:1)
  The ghost of Tang the Magician, a novice GnSk of Okawaru (D:8)
  Pikel (D:7)
  A cyclops (D:11)
  2 centaur zombies
  A gargoyle (D:11)
  2 komodo dragons
  2 hellwings (D:8)
  A queen bee (D:8)
  A hornet (D:10)
  A troll (D:10)
  3 hippogriffs
  A basilisk (D:11)
  A wraith (D:11)
  2 wyverns
  3 yaks (Lair:1)
  2 fire elementals (Lair:1)
  3 water moccasins
  A porcupine (Lair:1)
  A hell hound (Lair:1)
  2 orc warriors
  2 slaves (D:7)
  4 phantoms
  4 sky beasts
  A black bear (D:9)
  A necrophage (D:7)
  A centaur (D:6)
  4 ogres
  A crocodile (Lair:1)
  A big kobold (D:4)
  12 bullfrogs
  A wyvern skeleton (D:8)
  A troll zombie (D:9)
  6 scorpions
  9 killer bees (D:8)
  5 wights (D:10)
  3 howler monkeys
  9 crimson imps
  A bullfrog zombie (D:9)
  2 quasits
  8 orc priests
  8 hounds
  2 jellies
  8 orc wizards
  2 bullfrog skeletons
  6 centaur skeletons
  3 iguanas
  Ijyb (D:3)
  6 worker ants
  7 ogre zombies (D:9)
  A hound skeleton (D:5)
  Robin (D:3)
  8 gnolls
  4 worker ant zombies
  13 adders
  10 shadow imps
  A white imp (D:8)
  An ooze (D:3)
  4 worms
  2 dart slugs (D:3)
  4 leopard geckos
  23 orcs
  4 giant cockroaches
  15 goblins
  20 hobgoblins
  5 jackals
  10 kobolds
  A quokka (D:6)
  2 ball pythons
  5 bats
  5 frilled lizards
  A goblin zombie (D:9)
  2 hobgoblin skeletons (D:9)
  6 hobgoblin zombies (D:9)
  A leopard gecko skeleton (D:8)
  An orc skeleton (D:9)
  15 orc zombies (D:9)
  7 rats
330 creatures vanquished.

Vanquished Creatures (collateral kills)
  5 killer bees (D:8)
5 creatures vanquished.

Vanquished Creatures (others)
  A slave (D:7)
  A quokka (D:4)
2 creatures vanquished.

Grand Total: 337 creatures vanquished

Notes
Turn   | Place    | Note
-------+----------+-------------------------------------------
     0 | D:1      | Fang the Gargoyle Berserker began the quest for the Orb.
     0 | D:1      | Reached XP level 1. HP: 14/14 MP: 1/1
   124 | D:1      | Reached skill level 3 in Axes
   124 | D:1      | Reached XP level 2. HP: 13/19 MP: 2/2
   624 | D:1      | Reached XP level 3. HP: 21/23 MP: 3/3
  1346 | D:2      | Reached ** piety under Trog
  1401 | D:2      | Reached XP level 4. HP: 19/29 MP: 4/4
  1918 | D:3      | Noticed Ijyb
  1927 | D:3      | Killed Ijyb
  2001 | D:3      | Reached XP level 5. HP: 31/33 MP: 5/5
  2043 | D:3      | Reached skill level 4 in Axes
  2105 | D:3      | Found a glowing silver altar of Zin.
  2136 | D:3      | Found a deep blue altar of Sif Muna.
  2179 | D:3      | Noticed Robin
  2187 | D:3      | Reached *** piety under Trog
  2193 | D:3      | Killed Robin
  2464 | D:3      | Reached skill level 1 in Stealth
  2464 | D:3      | Reached XP level 6. HP: 34/38 MP: 6/6
  2765 | D:4      | Reached skill level 5 in Axes
  2780 | D:4      | Found a staircase to the Ecumenical Temple.
  2822 | D:4      | Noticed a hippogriff
  2831 | D:4      | Reached XP level 7. HP: 33/44 MP: 7/7
  2840 | D:4      | Killed a hippogriff
  2926 | D:4      | Found Hirutopt's Antique Weapon Shop.
  2960 | D:4      | Found a blossoming altar of Fedhas.
  3025 | D:4      | Found a white marble altar of Elyvilon.
  3557 | D:4      | Reached skill level 5 in Fighting
  3557 | D:4      | Reached skill level 6 in Axes
  3602 | D:4      | Reached XP level 8. HP: 43/49 MP: 8/8
  3748 | D:5      | Entered Level 5 of the Dungeon
  4214 | D:5      | Reached skill level 1 in Polearms
  4306 | D:4      | Bought a warped battleaxe for 276 gold pieces
  4306 | D:4      | Identified the +4 battleaxe of the Eggplant {holy, Dex+2} (You bought it in a shop on level 4 of the Dungeon)
  4339 | Temple   | Entered the Ecumenical Temple
  4671 | D:6      | Reached **** piety under Trog
  4735 | D:6      | Reached skill level 7 in Axes
  5315 | D:6      | Found a sacrificial altar of Ru.
  5383 | D:5      | Found a hazy altar of Hepliaklqana.
  5383 | D:5      | Found an ornate altar of the Wu Jian Council.
  5383 | D:5      | Found a basalt altar of Yredelemnul.
  5383 | D:5      | Found a stormy altar of Qazlal.
  5389 | D:5      | Found a shattered altar of Ashenzari.
  5576 | D:7      | Reached XP level 9. HP: 53/55 MP: 9/9
  5588 | D:7      | Noticed Pikel
  5621 | D:7      | Killed Pikel
  5621 | D:7      | Reached skill level 8 in Axes
  5676 | D:7      | Reached skill level 5 in Dodging
  6563 | D:8      | Noticed a hellwing
  6564 | D:8      | Noticed a hellwing
  6580 | D:8      | Reached skill level 9 in Axes
  6580 | D:8      | Killed a hellwing
  6580 | D:8      | Reached skill level 5 in Stealth
  6580 | D:8      | Reached XP level 10. HP: 61/61 MP: 10/10
  6588 | D:8      | Reached skill level 10 in Axes
  6712 | D:8      | Noticed a two-headed ogre
  6724 | D:8      | Killed a two-headed ogre
  6732 | D:8      | Noticed Tang's ghost (novice GnSk)
  6747 | D:8      | Killed Tang's ghost
  6816 | D:8      | Reached ***** piety under Trog
  6982 | D:8      | Reached skill level 11 in Axes
  7051 | D:8      | Reached XP level 11. HP: 37/68 MP: 11/11
  7323 | D:8      | Found a shimmering altar of Xom.
  7325 | D:8      | Noticed a two-headed ogre
  7332 | D:8      | Killed a two-headed ogre
  7443 | D:4      | Bought a glowing battleaxe for 228 gold pieces
  8191 | D:9      | Found a staircase to the Orcish Mines.
  8204 | D:9      | Received a gift from Trog
  8211 | D:9      | Reached XP level 12. HP: 37/76 MP: 3/12
  8220 | D:9      | Reached skill level 12 in Axes
  8748 | D:9      | Found a staircase to the Lair.
  8876 | D:10     | Entered Level 10 of the Dungeon
  9214 | D:10     | Received a gift from Trog
  9427 | D:10     | Found a hide-covered altar of Uskayaw.
  9436 | D:10     | Noticed MemeProof's ghost (journeyman MiFi)
  9445 | D:10     | Killed MemeProof's ghost
  9445 | D:10     | Reached skill level 10 in Fighting
 10161 | D:11     | Noticed AlyssaTheNerd's ghost (journeyman DsGl)
 10205 | D:11     | Killed AlyssaTheNerd's ghost
 10476 | D:11     | Noticed a two-headed ogre
 10489 | D:11     | Killed a two-headed ogre
 11029 | Lair:1   | Entered Level 1 of the Lair of Beasts
 11033 | Lair:1   | Reached skill level 13 in Axes
 11247 | Lair:1   | Found a transporter.
 11249 | Lair:1   | Reached XP level 13. HP: 83/83 MP: 13/13
 11546 | Lair:1   | Found a transporter.
 11556 | Lair:1   | Engulfed by a fire crab's flame

Skill      XL: |  1  2  3  4  5  6  7  8  9 10 11 12 |
---------------+-------------------------------------+-----
Axes           | 3 4 5 6 7 9 11 13 | 13.3
Dodging        | 2 3 4 5 7 |  7.6
Fighting       | 4 5 6 8 9 10 | 10.5
Stealth        | 1 2 3 5 6 7 9 |  9.3
Polearms       | 2 |  2.5
Armour         | 4 |  4.8
Unarmed Combat | |  0.4

Action                   |  1- 3 |  4- 6 |  7- 9 | 10-12 | 13-15 || total
-------------------------+-------+-------+-------+-------+-------++-------
Melee: Hand axe          |   108 |   189 |   153 |       |       ||   450
       Unarmed           |       |     3 |       |       |       ||     3
       Spear             |       |       |   158 |       |       ||   158
       Battleaxe         |       |       |   107 |   411 |    17 ||   535
Invok: Berserk           |     2 |     2 |     5 |     6 |     1 ||    16
       Burn Spellbooks   |       |       |       |     1 |       ||     1
  Use: Scroll            |       |       |    18 |     7 |       ||    25
       Potion            |       |       |       |     3 |       ||     3
 Stab: Sleeping          |       |     4 |     8 |    23 |       ||    35
       Distracted        |       |       |     1 |     1 |     1 ||     3
       Invisible         |       |       |       |    10 |       ||    10
  Eat: Ration            |     1 |       |     3 |       |       ||     4
       Chunk             |       |     7 |     7 |    21 |       ||    35
Armor: Animal skin       |    45 |    77 |   175 |   166 |    16 ||   479
Dodge: Dodged            |    93 |   131 |   248 |   271 |    18 ||   761
